 Dungeon Crawl Stone Soup version 0.26.0-16-gc1dbca0489 (webtiles) character file.

Game seed: 14080806470730400315

654 littlecub the Skirmisher (level 7, -2/56 HPs)
             Began as a Demonspawn Fighter on Jan 19, 2021.
             Was an Initiate of Okawaru.
             Slain by a sky beast (5 damage)
             ... on level 5 of the Dungeon.
             The game lasted 00:06:43 (3750 turns).

littlecub the Skirmisher (Demonspawn Fighter)       Turns: 3750, Time: 00:06:44

Health: -2/56      AC: 10    Str: 18 (19) XL:     7   Next: 29%
Magic:  7/7        EV:  8    Int:  8 (9)  God:    Okawaru [......]
Gold:   223        SH:  9    Dex: 11 (12) Spells: 6/6 levels left

rFire    . . .     SeeInvis .   a - +0 flail
rCold    + . .     Faith    .   c - +0 kite shield
rNeg     + . .     Spirit   .   w - +0 ring mail (curse)
rPois    .         Reflect  .   v - +1 hat
rElec    .         Harm     .   p - +0 cloak
rCorr    .         Rampage  .   (no gloves)
Will     .....                  (no boots)
Stlth    ..........             o - amulet of magic regeneration
HPRegen  0.18/turn              l - ring of positive energy
MPRegen  0.35/turn              r - ring of protection from cold

@: no status effects
A: hooves 1, icy blue scales 1, spiny 2
a: Renounce Religion


You were on level 5 of the Dungeon.
You worshipped Okawaru.
Okawaru was noncommittal.
You visited 2 branches of the dungeon, and saw 6 of its levels.

You collected 223 gold pieces.

Inventory:

Hand Weapons
 a - a +0 flail (weapon)
Armour
 c - a +0 kite shield (worn)
 p - a +0 cloak (worn)
 v - a +1 hat (worn)
 w - a cursed +0 ring mail (worn)
Jewellery
 l - a ring of positive energy (left hand)
 o - an amulet of magic regeneration (around neck)
 r - a ring of protection from cold (right hand)
Wands
 q - a wand of disintegration (11)
Scrolls
 e - a scroll of magic mapping {unknown}
 f - 2 scrolls of teleportation
 g - 2 scrolls of fear
 j - 8 scrolls of remove curse
 m - 3 scrolls of fog
 t - 2 scrolls of noise {unknown}
 u - a scroll of identify
Potions
 d - a potion of might
 h - a potion of ambrosia {unknown}
 i - 2 potions of degeneration
 k - a potion of mutation {unknown}
 n - a potion of lignification {unknown}
 s - 2 potions of curing {unknown}


   Skills:
 * Level 5.4 Fighting
 * Level 4.5 Maces & Flails
 + Level 4.0 Armour
 + Level 3.9 Shields


You had 6 spell levels left.
You didn't know any spells.
Your spell library was empty.

Dungeon Overview and Level Annotations

Branches:
Dungeon (4/15)             Temple (1/1) D:4

Altars:
Gozag
Makhleb
Okawaru
Qazlal
Sif Muna
Zin

Shops:
D:5 =


Innate Abilities, Weirdness & Mutations

You have large cloven feet.
You are partially covered in icy blue scales. (AC +2)
You are mostly covered in sharp spines.


Message History

You are too injured to fight recklessly!
You closely miss the sky beast.
The sky beast is severely wounded.
The sky beast hits you but does no damage.
You barely miss the sky beast. Your kick misses the sky beast.
The sky beast is severely wounded.
The sky beast hits you but does no damage.
You closely miss the sky beast. Your kick misses the sky beast.
The sky beast is severely wounded.
The sky beast is struck by your spines. The sky beast hits you.
* * * LOW HITPOINT WARNING * * *
The sky beast shocks you.
* * * LOW HITPOINT WARNING * * *
It was a potion of degeneration.
There was something very wrong with that liquid.
You feel weakened.
You feel dopey.
You feel clumsy. The sky beast hits you.
* * * LOW HITPOINT WARNING * * *
The sky beast shocks you.
You die...

.............# .###...
.............# ......
........##...#####..... .
........##....#......##..
#+###...##....#.........#
#...##...)#......#
#.........#......#
#...##....#.Y....#
#...##....#.@....#
#.........'......#
#.........#......#
######....#.........
######.....^...
.######... . ... .. ..


You could see a sky beast.

Vanquished Creatures
  A phantom (D:5)
  A centaur (D:3)
  A scorpion (D:5)
  A centaur zombie (D:5)
  A jelly (D:5)
  An orc priest (D:4)
  An orc wizard (D:3)
  A centaur skeleton (D:5)
  Crazy Yiuf (D:2)
  Natasha (thrice) (D:2)
  A worker ant (D:4)
  6 adders
  A white imp (D:5)
  3 worms
  A dart slug (D:4)
  A leopard gecko (D:5)
  9 orcs
  2 giant cockroaches
  6 goblins
  7 hobgoblins
  4 jackals (D:1)
  8 kobolds
  3 quokkas (D:5)
  7 bats
  5 frilled lizards
  10 rats
86 creatures vanquished.

Notes
Turn   | Place    | Note
-------+----------+-------------------------------------------
     0 | D:1      | littlecub the Demonspawn Fighter began the quest for the
                  | Orb.
     0 | D:1      | Reached XP level 1. HP: 18/18 MP: 1/1
     1 | D:1      | You fall into a shaft and drop 1 floor!
   309 | D:1      | Gained mutation: You are partially covered in sharp spines.
                  | [demonic ancestry]
   309 | D:1      | Reached XP level 2. HP: 24/24 MP: 2/2
   739 | D:1      | Reached XP level 3. HP: 24/29 MP: 3/3
  1294 | D:2      | Noticed Natasha
  1304 | D:2      | Killed Natasha
  1305 | D:2      | Gained mutation: You are partially covered in icy blue
                  | scales. (AC +2) [demonic ancestry]
  1305 | D:2      | Reached XP level 4. HP: 21/37 MP: 4/4
  1376 | D:2      | Noticed Natasha
  1388 | D:2      | Killed Natasha
  1676 | D:2      | Reached skill level 4 in Fighting
  1733 | D:2      | Noticed Natasha
  1740 | D:2      | Killed Natasha
  1741 | D:2      | Gained mutation: You are mostly covered in sharp spines.
                  | [demonic ancestry]
  1741 | D:2      | Reached XP level 5. HP: 32/42 MP: 5/5
  1894 | D:2      | Found a runed translucent door.
  1895 | D:2      | Noticed Crazy Yiuf
  2131 | D:2      | Killed Crazy Yiuf
  2183 | D:3      | Noticed a centaur
  2226 | D:3      | Killed a centaur
  2387 | D:3      | Reached XP level 6. HP: 48/49 MP: 6/6
  2407 | D:3      | Found a stormy altar of Qazlal.
  2899 | D:4      | Found a staircase to the Ecumenical Temple.
  2923 | Temple   | Entered the Ecumenical Temple
  2928 | Temple   | Became a worshipper of Warmaster Okawaru
  3316 | D:4      | You fall into a shaft and drop 1 floor!
  3316 | D:5      | Entered Level 5 of the Dungeon
  3327 | D:5      | Reached skill level 5 in Fighting
  3381 | D:5      | Gained mutation: You have large cloven feet. [demonic
                  | ancestry]
  3381 | D:5      | Reached XP level 7. HP: 28/56 MP: 7/7
  3687 | D:5      | Found Qiniobla's Jewellery Shoppe.
  3750 | D:5      | Slain by a sky beast

Illustrated notes

Levels and vault maps discovered:
D:1:      lightli_arrival_flooded_house, layout_basic
D:2:      layout_loops_ring, minmay_misc_feat_rugged, uniq_natasha,
          uniq_crazy_yiuf_cottage
D:3:      layout_loops_ring, grunt_qazlal_sundering
D:4:      layout_basic, minmay_temple_entry_proselytizer
D:5:      layout_gridville, nicolae_overflow_crystal_walls, serial_shops,
          nicolae_shop_temple_entry_statues_fountains, st_stairs_3
Temple:   grunt_wide_crystal_templ

Skill      XL: |  1  2  3  4  5  6  7 |
---------------+----------------------+-----
Maces & Flails | 2 3 4 |  4.5
Armour         | 3 4 |  4.0
Shields        | 3 |  3.9
Fighting       | 4 5 |  5.4

Action                   |  1- 3 |  4- 6 |  7- 9 || total
-------------------------+-------+-------+-------++-------
Melee: Flail             |    82 |   124 |    26 ||   232
       Kick              |       |       |     8 ||     8
  Use: Scroll            |       |     5 |       ||     5
       Potion            |       |       |     1 ||     1
Armor: Scale mail        |    36 |    47 |     2 ||    85
       Ring mail         |       |       |     9 ||     9
Dodge: Dodged            |    24 |    43 |     7 ||    74
Block: Kite shield       |    37 |    59 |    13 ||   109
